 Dungeon Crawl Stone Soup version 0.22.0 (webtiles) character file.

123977 zishaf the Spry (level 16, -13/89 HPs)
             Began as a Spriggan Enchanter on Aug 10, 2018.
             Was a Follower of Dithmenos.
             Killed from afar by a nagaraja (39 damage)
             ... with an orb of energy
             ... on level 2 of the Snake Pit.
             The game lasted 02:07:30 (35999 turns).

zishaf the Spry (Spriggan Enchanter)               Turns: 35999, Time: 02:07:31

Health: -13/89     AC: 13    Str:  4    XL:     16   Next: 38%
Magic:  31/31      EV: 36    Int: 22    God:    Dithmenos [*.....]
Gold:   250        SH: 11    Dex: 21    Spells: 9/35 levels left

rFire    + . .     SeeInvis +   a - +9 rapier "Nihyaw" {vamp, rF+ MR+}
rCold    + . .     Gourm    .   V - +0 buckler
rNeg     + + +     Faith    .   E - +5 robe of Night {Dark MR+ SInv}
rPois    +         Spirit   .   R - +2 hat of Claustrophobia {rPois}
rElec    .         Reflect  +   K - +2 cloak {rPois}
rCorr    .         Harm     .   (gloves unavailable)
MR       ++++.                  (boots unavailable)
Stlth    +++++++...             c - +2 amulet of reflection
HPRegen  0.24/turn              A - ring of wizardry
MPRegen  0.22/turn              T - ring of the Genius {Wiz *Slow +Inv rN+++ Dex+3}

@: lethally poisoned (-13 -> -29), wreathed by umbra, very quick
A: very small, unfitting armour, see invisible, cold resistance 1, herbivore,
speed 3, robust 1, shaggy fur 1, slow metabolism 2
a: Renounce Religion, Evoke Invisibility


You were on level 2 of the Snake Pit.
You worshipped Dithmenos.
Dithmenos was aware of your devotion.
You were not hungry.

You visited 5 branches of the dungeon, and saw 26 of its levels.
You also visited: Sewer and Volcano.

You collected 8846 gold pieces.
You spent 2534 gold pieces at shops.
You paid 6062 gold pieces to Gozag.

Inventory:

Hand Weapons
 a - the +9 rapier "Nihyaw" (weapon) {vamp, rF+ MR+}
   (You found it on level 2 of the Lair of Beasts)

   It inflicts no extra harm, but heals its wielder when it wounds a living foe.
   It protects you from fire.
   It affects your resistance to hostile enchantments.
 b - a +0 blowgun
Missiles
 r - 4 curare-tipped needles
 t - 68 poisoned needles
Armour
 E - the +5 robe of Night (worn) {Dark MR+ SInv}
   (You bought it in a shop on level 2 of the Orcish Mines)

   It affects your resistance to hostile enchantments.
   It lets you see invisible.
 G - a scarf of repulsion
 K - a +2 cloak of poison resistance (worn)
 R - the +2 hat of Claustrophobia (worn) {rPois}
   (You bought it in a shop on level 10 of the Dungeon)

   It protects you from poison.
 V - a +0 buckler (worn)
Jewellery
 c - a +2 amulet of reflection (around neck)
 A - a ring of wizardry (left hand)
 I - a +4 ring of intelligence
 P - an uncursed ring of resist corrosion
 T - the ring of the Genius (right hand) {Wiz *Slow +Inv rN+++ Dex+3}
   (You bought it in a shop on level 10 of the Dungeon)

   [ring of wizardry]

   It improves your spell success rate.
   It affects your dexterity (+3).
   It renders you almost immune to negative energy.
   It lets you turn invisible.
   It may slow you when you take damage.
 U - an uncursed ring of stealth
 W - the ring of Henotheism {rC+ rN+}
   (You found it on level 5 of the Lair of Beasts)

   [ring of protection from cold]

   It protects you from cold.
   It protects you from negative energy.
Wands
 s - a wand of paralysis (18)
 u - a wand of clouds (2)
 v - a wand of digging (12)
 y - a wand of flame (27)
 H - a wand of acid (10)
 J - a wand of enslavement (32)
 Y - a wand of polymorph (7)
Scrolls
 h - 18 scrolls of remove curse
 n - 8 scrolls of enchant weapon
 o - 6 scrolls of fear
 p - 4 scrolls of identify
 x - 3 scrolls of magic mapping
 z - 5 scrolls of amnesia
 C - 4 scrolls of fog
 D - 4 scrolls of teleportation
 F - 5 scrolls of blinking
 N - 2 scrolls of summoning
 Q - 2 scrolls of holy word
 S - 7 scrolls of enchant armour
Potions
 e - 6 potions of flight
 f - 10 potions of curing
 g - 4 potions of might
 i - 14 potions of heal wounds
 j - 6 potions of agility
 k - 4 potions of lignification {unknown}
 l - 11 potions of brilliance
 m - 2 potions of degeneration {unknown}
 q - 3 potions of haste
 B - 2 potions of invisibility
 L - a potion of resistance
 M - a potion of magic
 Z - 3 potions of ambrosia {unknown}
Miscellaneous
 w - a lightning rod (4/4)
 O - a fan of gales
 X - a crystal ball of energy
Comestibles
 d - 25 rations


   Skills:
 - Level 8.0 Fighting
 + Level 13.7 Short Blades
 + Level 18.6 Dodging
 + Level 13.6 Stealth
 - Level 7.2 Shields
 - Level 10.0 Spellcasting
 + Level 5.9 Conjurations
 - Level 13.0 Hexes
 - Level 5.0 Ice Magic
 * Level 3.6 Earth Magic
 + Level 6.4 Evocations


You had 9 spell levels left.
You knew the following spells:

 Your Spells              Type           Power        Failure   Level  Hunger
a - Dazzling Spray        Conj/Hex       ######       1%          3    None
b - Ensorcelled Hibernat  Hex/Ice        ######       1%          2    None
c - Confuse               Hex            ######..     1%          3    None
d - Tukima's Dance        Hex            ######..     1%          3    None
e - Throw Icicle          Conj/Ice       #####...     1%          4    ##.....
f - Lee's Rapid Deconstr  Erth           ####......   11%         5    ####...
g - Iron Shot             Conj/Erth      ####......   32%         6    ######.

Your spell library contained the following spells:

 Spells                   Type           Power        Failure   Level  Hunger
 Bolt of Magma            Conj/Fire/Erth ####......   12%         5    ####...
 Throw Frost              Conj/Ice       #####.       1%          2    None
 Freeze                   Ice            ####         1%          1    None
 Summon Ice Beast         Ice/Summ       ###.....     6%          4    ##.....
 Ozocubu's Armour         Chrm/Ice       ###.....     1%          3    None
 Regeneration             Chrm/Necr      ##........   5%          3    None
 Stone Arrow              Conj/Erth      ####..       1%          3    None
 Statue Form              Tmut/Erth      ###......    71%         6    ######.
 Passwall                 Tmut/Erth      ###.....     1%          2    None
 Shatter                  Erth           ####......   100%        9    #######
 Corona                   Hex            ######.      1%          1    None
 Sandblast                Erth           ####..       1%          1    None
 Petrify                  Tmut/Erth      ###.....     8%          4    ##.....
 Leda's Liquefaction      Hex/Erth       #####.....   1%          4    ##.....
 Shroud of Golubria       Chrm/Tloc      ##........   2%          2    None
 Infusion                 Chrm           ##..         1%          1    None
 Song of Slaying          Chrm           ##......     2%          2    None
 Spectral Weapon          Hex/Chrm       #####...     1%          3    None


Dungeon Overview and Level Annotations

Branches:
Dungeon (15/15)            Temple (1/1) D:4            Lair (6/6) D:10
  Swamp (0/4) Lair:4        Snake (2/4) Lair:4        Slime (0/5) Lair:5
    Orc (2/2) D:10            Elf (0/3) Orc:2        Vaults (0/5) D:13
 Depths (0/5) D:15

Altars:
Ashenzari
Cheibriados
Dithmenos
Elyvilon
Fedhas
Gozag
Hepliaklqana
Kikubaaqudgha
Makhleb
Nemelex Xobeh
Okawaru
Qazlal
Ru
Sif Muna
Trog
Uskayaw
Vehumet
Wu Jian
Xom
Yredelemnul
Zin
The Shining One
Beogh

Shops:
D:8 **   D:10 ?=(*[**   D:11 }   D:12 (   D:14 (*[   Orc:2 =([[[

Annotations:
Snake:1 2 transporters, Uxiemoa's ghost, adept GrFi


Innate Abilities, Weirdness & Mutations

You are very small and have problems with some larger weapons.
You are too small for most types of armour.
You have supernaturally acute eyesight. (SInv)
You are a herbivore.
You cover ground extremely quickly.
You need to consume almost no food.
Your flesh is cold resistant. (rC+)
You are robust. (+10% HP)
You are covered in fur. (AC +1)


Message History

The nagaraja hits you. The nagaraja grabs you. The nagaraja constricts you.
You puncture the nagaraja!
You feel better.
The nagaraja is heavily wounded.
You closely miss the nagaraja.
The nagaraja is heavily wounded.
The nagaraja hits you! The nagaraja constricts you.
You hit the nagaraja.
You feel better.
The nagaraja is severely wounded.
The nagaraja gestures at you while chanting.
The orb of energy hits you!
The orb of energy explodes!
The nagaraja constricts you.
You escape the nagaraja's grasp.
The nagaraja casts a spell at you. The bolt of poison hits you!
You are poisoned.
You resist.
You feel sick. The nagaraja casts a spell at you. The orb of energy hits you!
You die...

###### #.##.## .####.# ##
### .####.# #. #.###
#.##.## .## #...# #.##.#
#.# ###@## # #....#
#.###..#.## .# ##...#
###.....##..###...
#..####......####.#.....
##....#..##....# ##NN...#
#..###..###....# #N..#.#
...# ##..##.....# #......
..## ##..##...#..##......
...###...............###.


You could see a nagaraja and a naga.

Vanquished Creatures
  Agnes (D:15)
  Kirke (D:15)
  Roxanne (Snake:1)
  2 entropy weavers (Lair:5)
  Nessos (D:13)
  A red draconian (Volcano)
  A yaktaur captain (D:15)
  10 hydras
  A merfolk avatar (Lair:6)
  3 anacondas (Snake:2)
  20 two-headed ogres
  Erica (D:10)
  5 ogre magi
  5 centaur warriors
  4 death yaks (Lair:6)
  A tengu warrior (D:14)
  2 death knights
  A queen ant (Lair:5)
  3 shock serpents (Snake:1)
  2 naga sharpshooters (Snake:1)
  Urug (Lair:3)
  A salamander mystic (Volcano)
  A skeletal warrior (D:15)
  3 naga ritualists (Snake:2)
  A wizard (D:13)
  2 lindwurms
  A harpy (Lair:6)
  3 orc knights
  4 mana vipers
  3 cyclopes
  2 manticores
  6 salamanders
  2 oklob plants (Lair:5)
  11 ugly things
  Joseph (D:10)
  A guardian serpent (D:13)
  A guardian serpent (shapeshifter) (D:12)
  22 black mambas
  5 centaur skeletons
  6 naga magi
  5 elephants
  A gargoyle (D:7)
  11 spiny frogs
  12 komodo dragons
  8 rime drakes
  3 efreet
  2 freezing wraiths (D:15)
  3 meliai (D:15)
  2 wind drakes (Lair:6)
  3 hornets
  7 trolls
  A polar bear (Lair:6)
  A slime creature (shapeshifter) (D:13)
  13 blink frogs
  A slime creature (Lair:1)
  9 hippogriffs
  A shadow (D:15)
  3 wraiths
  5 fire bats (Volcano)
  Grum (D:10)
  Eustachio (D:6)
  3 hogs (D:15)
  5 wyverns
  9 hungry ghosts
  26 yaks
  2 vampire mosquitoes (D:15)
  2 basilisks
  13 nagas
  20 soldier ants (Lair:5)
  11 water moccasins
  6 porcupines
  6 ice beasts
  An acid dragon (D:11)
  17 orc warriors
  An eye of draining (D:13)
  4 sky beasts
  6 phantoms
  A necrophage (D:9)
  20 centaurs
  31 ogres
  3 wolves (D:10)
  14 crocodiles
  A big kobold (shapeshifter) (D:13)
  5 big kobolds
  16 bullfrogs
  A gnoll sergeant (D:9)
  2 wyvern zombies
  A water moccasin zombie (D:10)
  3 scorpions
  2 wyvern skeletons
  8 killer bees
  A troll zombie (D:9)
  12 wights
  An electric eel (D:14)
  A howler monkey (D:12)
  2 bullfrog zombies
  6 crimson imps
  7 lava snakes (Volcano)
  A quasit (D:9)
  3 human zombies (D:9)
  5 centaur zombies
  5 hounds
  13 orc priests
  12 jellies
  12 orc wizards
  5 bullfrog skeletons
  2 human skeletons (D:9)
  4 iguanas
  26 worker ants
  2 killer bee zombies
  An ogre zombie (D:9)
  A hound zombie (D:8)
  2 hound skeletons
  A howler monkey zombie (D:5)
  2 worker ant zombies
  7 gnolls
  3 howler monkey skeletons
  15 adders
  7 shadow imps
  22 oozes
  An adder zombie (D:7)
  An adder skeleton (D:9)
  4 worms
  8 leopard geckos
  68 orcs
  2 ball pythons (D:3)
  9 bats
  9 giant cockroaches
  6 goblins
  8 hobgoblins
  11 jackals
  33 kobolds
  6 quokkas
  8 frilled lizards
  3 leopard gecko skeletons
  A leopard gecko zombie (D:5)
  A quokka skeleton (D:8)
  2 quokka zombies
  9 rats
  2 plants (Lair:5)
849 creatures vanquished.

Vanquished Creatures (others)
  2 centaur warriors
  A naga sharpshooter (Snake:1)
  A komodo dragon (Lair:5)
  2 centaurs
  A howler monkey (D:13)
  An orc (D:12)
  12 fungi
  12 plants
32 creatures vanquished.

Grand Total: 881 creatures vanquished

Notes
Turn   | Place    | Note
-------+----------+-------------------------------------------
     0 | D:1      | zishaf the Spriggan Enchanter began the quest for the Orb.
     0 | D:1      | Reached XP level 1. HP: 9/9 MP: 5/5
   251 | D:1      | Reached skill level 5 in Stealth
   251 | D:1      | Reached XP level 2. HP: 9/13 MP: 3/6
   852 | D:1      | Upgraded the game from 0.22-b1-59-g0aedee7 to 0.22.0
   892 | D:1      | Learned a level 2 spell: Ensorcelled Hibernation
  1504 | D:2      | Reached XP level 3. HP: 13/16 MP: 4/8
  2563 | D:3      | Found a glowing drain.
  2574 | D:3      | Reached XP level 4. HP: 20/21 MP: 2/9
  2586 | Sewer    | Entered a sewer
  2635 | Sewer    | Learned a level 3 spell: Confuse
  2639 | Sewer    | Learned a level 3 spell: Tukima's Dance
  2815 | Sewer    | Reached skill level 4 in Dodging
  2994 | Sewer    | Noticed a big kobold
  2996 | Sewer    | Killed a big kobold
  2996 | Sewer    | Reached XP level 5. HP: 24/24 MP: 9/11
  3102 | Sewer    | Reached XP level 6. HP: 26/28 MP: 12/12
  3658 | D:3      | Found a white marble altar of Elyvilon.
  4003 | D:4      | Reached skill level 5 in Dodging
  4003 | D:4      | Reached skill level 5 in Hexes
  4086 | D:4      | Found a staircase to the Ecumenical Temple.
  4118 | Temple   | Entered the Ecumenical Temple
  4188 | Temple   | Became a worshipper of Uskayaw the Reveler
  4229 | D:4      | Reached * piety under Uskayaw
  4268 | D:4      | Reached XP level 7. HP: 32/32 MP: 14/14
  4660 | D:4      | Found a shimmering altar of Xom.
  4741 | D:5      | Entered Level 5 of the Dungeon
  4873 | D:5      | Reached ** piety under Uskayaw
  4942 | D:5      | Reached skill level 6 in Dodging
  4996 | D:5      | Reached *** piety under Uskayaw
  5559 | D:5      | Reached XP level 8. HP: 36/36 MP: 15/15
  5764 | D:5      | You fall through a shaft!
  6026 | D:5      | Reached skill level 7 in Dodging
  6550 | D:6      | Reached skill level 1 in Fighting
  6550 | D:6      | Reached skill level 1 in Ice Magic
  6603 | D:6      | Noticed Eustachio
  6612 | D:6      | Killed Eustachio
  7397 | D:7      | Reached skill level 5 in Short Blades
  7560 | D:7      | Noticed a gargoyle
  7564 | D:7      | Killed a gargoyle
  7564 | D:7      | Reached skill level 8 in Dodging
  7564 | D:7      | Reached XP level 9. HP: 40/42 MP: 16/16
  7868 | D:7      | Reached skill level 1 in Evocations
  7870 | D:7      | Reached **** piety under Uskayaw
  8188 | D:8      | Found an opulent altar of Gozag.
  8190 | D:8      | Found Gozag's Platinum Reserve.
  8214 | D:8      | Fell from the grace of Uskayaw
  8214 | D:8      | Became a worshipper of Gozag Ym Sagoz the Greedy
  8461 | D:8      | Reached skill level 10 in Hexes
  8597 | D:8      | Reached skill level 9 in Dodging
  8624 | D:8      | Found Zin's Purification Station.
  8629 | D:8      | Found a glowing silver altar of Zin.
  9208 | D:9      | Reached XP level 10. HP: 49/49 MP: 14/17
  9495 | D:9      | Found a basalt altar of Yredelemnul.
  9760 | D:9      | Reached skill level 5 in Evocations
 10139 | D:9      | Found a stormy altar of Qazlal.
 10139 | D:9      | Found a radiant altar of Vehumet.
 10146 | D:9      | Found a sparkling altar of Nemelex Xobeh.
 10146 | D:9      | Found a hazy altar of Hepliaklqana.
 10146 | D:9      | Found a glowing golden altar of the Shining One.
 10147 | D:9      | Found an iron altar of Okawaru.
 10148 | D:9      | Found a blossoming altar of Fedhas.
 10149 | D:9      | Found a white marble altar of Elyvilon.
 10151 | D:9      | Found a shadowy altar of Dithmenos.
 10412 | D:10     | Entered Level 10 of the Dungeon
 10412 | D:10     | Noticed a centaur warrior
 10415 | D:10     | Killed a centaur warrior
 10415 | D:10     | Reached skill level 10 in Dodging
 10713 | D:10     | Reached skill level 5 in Spellcasting
 10756 | D:10     | Noticed Joseph
 10762 | D:10     | Found Gotutteu's Magic Scroll Emporium.
 10768 | D:10     | Killed Joseph
 10804 | D:10     | Bought a scroll of identify for 28 gold pieces
 10804 | D:10     | Bought a scroll of identify for 28 gold pieces
 10991 | D:10     | Found a staircase to the Lair.
 11029 | D:10     | Found a blossoming altar of Fedhas.
 11076 | D:10     | Reached XP level 11. HP: 54/54 MP: 14/20
 11092 | D:10     | Noticed a two-headed ogre
 11168 | D:10     | Killed a two-headed ogre
 11168 | D:10     | Reached skill level 5 in Ice Magic
 11176 | D:10     | Paralysed by the fury of Uskayaw for 6 turns
 11309 | D:10     | Reached skill level 5 in Fighting
 11433 | D:10     | Noticed an orc knight
 11485 | D:10     | Killed an orc knight
 11485 | D:10     | Reached skill level 11 in Dodging
 11913 | D:10     | Found a roughly hewn altar of Beogh.
 11913 | D:10     | Found a staircase to the Orcish Mines.
 11995 | D:10     | Noticed Grum
 12027 | D:10     | Paralysed by the fury of Uskayaw for 4 turns
 12032 | D:10     | Killed Grum
 12168 | D:11     | Noticed a purple ugly thing
 12190 | D:11     | Killed a purple ugly thing
 12221 | D:11     | Noticed a cyan ugly thing
 12231 | D:11     | Killed a cyan ugly thing
 12452 | D:11     | Noticed a two-headed ogre
 12460 | D:11     | Killed a two-headed ogre
 12653 | D:11     | Found Mairphowk's Gadget Boutique.
 13059 | D:12     | Found Jeoxt's Antique Weapon Boutique.
 13269 | D:12     | Reached skill level 12 in Dodging
 13285 | D:12     | Noticed a fire crab
 13673 | D:11     | Identified a scroll of acquirement
 13754 | Lair:1   | Entered Level 1 of the Lair of Beasts
 13819 | Lair:1   | Reached XP level 12. HP: 61/61 MP: 19/22
 13821 | Lair:1   | Reached skill level 10 in Stealth
 14998 | Lair:2   | Got an ivory rapier
 15071 | Lair:2   | Noticed an eight-headed hydra
 15097 | Lair:2   | Found a dark tunnel.
 15193 | Volcano  | Entered a volcano
 15820 | Volcano  | Reached skill level 13 in Dodging
 15854 | Volcano  | Found a radiant altar of Vehumet.
 15860 | Volcano  | Noticed a red draconian
 15906 | Volcano  | Killed a red draconian
 16138 | Volcano  | Was forgiven by Uskayaw
 16292 | Lair:2   | Killed an eight-headed hydra
 16973 | Lair:3   | Identified the +9 rapier "Nihyaw" {vamp, rF+ MR+} (You found it on level 2 of the Lair of Beasts)
 17003 | Lair:3   | Noticed a four-headed hydra
 17009 | Lair:3   | Killed a four-headed hydra
 17009 | Lair:3   | Reached XP level 13. HP: 67/67 MP: 19/23
 17190 | Lair:3   | Noticed Urug
 17198 | Lair:3   | Killed Urug
 17216 | Lair:3   | Reached skill level 14 in Dodging
 18651 | Lair:4   | Found a staircase to the Snake Pit.
 18866 | Lair:4   | Found a staircase to the Swamp.
 19168 | Lair:5   | Reached skill level 1 in Shields
 19928 | Lair:5   | Reached skill level 10 in Short Blades
 19972 | Lair:5   | Got an ancient tin ring
 19988 | Lair:5   | Identified the ring of Henotheism {rC+ rN+} (You found it on level 5 of the Lair of Beasts)
 20209 | Lair:5   | Found a staircase to the Slime Pits.
 21166 | Lair:5   | Noticed an entropy weaver
 21200 | Lair:5   | Killed an entropy weaver
 21311 | Lair:5   | Noticed an entropy weaver
 21641 | Lair:5   | Reached skill level 15 in Dodging
 21863 | Lair:5   | Killed an entropy weaver
 21988 | Lair:6   | Entered Level 6 of the Lair of Beasts
 22101 | Lair:6   | Reached XP level 14. HP: 73/73 MP: 12/26
 23019 | Lair:6   | Reached skill level 5 in Shields
 24852 | D:12     | Found a runed door.
 25254 | D:12     | Reached skill level 16 in Dodging
 25574 | D:13     | Learned a level 3 spell: Dazzling Spray
 25579 | D:13     | Learned a level 4 spell: Throw Icicle
 26023 | D:13     | Reached skill level 1 in Conjurations
 26041 | D:13     | Found a gate to the Vaults.
 26164 | D:13     | Noticed Nessos
 26197 | D:13     | Killed Nessos
 26552 | D:14     | Found Vozeivuck's Armour Shop.
 26611 | D:14     | Found Qosasm's Assorted Antiques.
 26886 | D:14     | Reached XP level 15. HP: 77/77 MP: 11/29
 26893 | D:14     | Found Tegao's Weapon Emporium.
 27000 | D:15     | Entered Level 15 of the Dungeon
 27047 | D:14     | Reached skill level 10 in Spellcasting
 27324 | D:15     | Gained mutation: You are covered in fur. (AC +1) [potion of mutation]
 27324 | D:15     | Gained mutation: Your flesh is cold resistant. (rC+) [potion of mutation]
 27324 | D:15     | Gained mutation: You are robust. (+10% HP) [potion of mutation]
 27371 | D:15     | Found a staircase to the Depths.
 27800 | D:15     | Reached skill level 17 in Dodging
 27913 | D:15     | Noticed Kirke
 27929 | D:15     | Killed Kirke
 27972 | D:15     | Noticed Agnes
 27994 | D:15     | Killed Agnes
 28587 | Orc:1    | Entered Level 1 of the Orcish Mines
 28718 | Orc:1    | Noticed Erica
 28735 | D:10     | Killed Erica
 28861 | Orc:1    | Found a roughly hewn altar of Beogh.
 29187 | Orc:2    | Entered Level 2 of the Orcish Mines
 29189 | Orc:2    | Found Enanim's Armour Shop.
 29242 | Orc:2    | Bought the +5 robe of Night {Dark MR+ SInv} for 900 gold pieces
 29242 | Orc:2    | Found the +5 robe of Night {Dark MR+ SInv}
 29313 | Orc:2    | Found a staircase to the Elven Halls.
 29417 | Orc:2    | Found a roughly hewn altar of Beogh.
 30032 | Orc:2    | Reached skill level 5 in Conjurations
 30056 | Orc:2    | Reached skill level 18 in Dodging
 30232 | Orc:2    | Found Giuc's Antique Armour Shoppe.
 30232 | Orc:2    | Found Cilalued's Jewellery Shop.
 30233 | Orc:2    | Found Cutowih's Armour Boutique.
 30233 | Orc:2    | Found Otacuxt's Antique Weapon Shoppe.
 30479 | D:10     | Bought a scroll of identify for 46 gold pieces
 30484 | D:10     | Bought a bloodstained hat for 180 gold pieces
 30494 | D:10     | Identified the +2 hat of Claustrophobia {rPois} (You bought it in a shop on level 10 of the Dungeon)
 30496 | D:10     | Bought a runed cloak for 150 gold pieces
 30622 | Snake:1  | Entered Level 1 of the Snake Pit
 30913 | D:14     | Bought a hardcover book for 480 gold pieces
 30919 | D:14     | Learned a level 5 spell: Lee's Rapid Deconstruction
 31145 | Snake:1  | Noticed Roxanne
 31265 | D:10     | Bought the ring of the Genius {Wiz *Slow +Inv rN+++ Dex+3} for 722 gold pieces
 31301 | D:9      | Fell from the grace of Gozag
 31301 | D:9      | Became a worshipper of Dithmenos the Shadowed
 31726 | Snake:1  | Noticed Uxiemoa's ghost (adept GrFi)
 32362 | Snake:1  | Reached XP level 16. HP: 89/89 MP: 31/31
 32379 | Snake:1  | Found a transporter.
 32392 | Snake:1  | Found a transporter.
 32426 | Snake:1  | Reached skill level 1 in Earth Magic
 32531 | Snake:1  | HP: 2/89 [naga sharpshooter/bolt (25)]
 34511 | Snake:1  | Killed Roxanne
 34525 | Snake:1  | Learned a level 6 spell: Iron Shot
 35159 | Snake:2  | Reached * piety under Dithmenos
 35999 | Snake:2  | Killed from afar by a nagaraja

Skill      XL: |  1  2  3  4  5  6  7  8  9 10 11 12 13 14 15 16 |
---------------+-------------------------------------------------+-----
Stealth        | 5 6 7 8 9 12 13 | 13.6
Hexes          | 4 5 7 9 10 11 12 13 | 13.0
Spellcasting   | 3 4 5 6 7 9 10 | 10.0
Dodging        | 4 5 6 8 9 10 12 13 15 16 18 | 18.6
Short Blades   | 2 3 4 5 6 7 9 10 11 13 | 13.7
Fighting       | 2 3 4 6 7 8 |  8.0
Ice Magic      | 2 3 4 5 |  5.0
Evocations     | 4 5 6 |  6.4
Shields        | 4 7 |  7.2
Conjurations   | 2 5 |  5.9
Earth Magic    | 3 |  3.6

Action                   |  1- 3 |  4- 6 |  7- 9 | 10-12 | 13-15 | 16-18 || total
-------------------------+-------+-------+-------+-------+-------+-------++-------
Melee: Dagger            |    36 |   133 |   361 |   591 |    32 |       ||  1153
       Short sword       |   124 |       |       |   139 |       |       ||   263
       Rapier            |       |       |       |       |  1273 |   219 ||  1492
 Fire: Blowgun           |       |       |    24 |    91 |       |       ||   115
 Cast: Corona            |     2 |       |       |       |       |       ||     2
       Ensorcelled Hiber |    37 |    18 |    63 |   166 |   283 |    41 ||   608
       Confuse           |       |     6 |    18 |    47 |    51 |    23 ||   145
       Lee's Rapid Decon |       |       |       |       |       |    14 ||    14
       Iron Shot         |       |       |       |       |       |     1 ||     1
Invok: Potion Petition   |       |       |       |     1 |       |       ||     1
       Call Merchant     |       |       |       |       |     6 |       ||     6
 Abil: Evoke Invisibilit |       |       |       |       |       |     1 ||     1
Evoke: Wand              |       |       |       |     1 |    12 |       ||    13
       Lightning rod     |       |       |       |       |     1 |       ||     1
  Use: Scroll            |     4 |       |     5 |    15 |    10 |       ||    34
       Potion            |       |       |       |       |     1 |     1 ||     2
 Stab: Sleeping          |    29 |    25 |    61 |   135 |   165 |    22 ||   437
       Distracted        |     1 |     1 |     2 |     4 |    26 |       ||    34
       Confused          |       |     1 |    17 |    28 |    31 |    10 ||    87
       Paralysed         |       |       |     4 |       |       |       ||     4
       Invisible         |       |       |       |       |       |     5 ||     5
  Eat: Ration            |     1 |     1 |     5 |     6 |    10 |     4 ||    27
Armor: Robe              |    25 |    18 |    19 |    31 |    34 |    16 ||   143
Dodge: Dodged            |   148 |   122 |   221 |   472 |   766 |   192 ||  1921
       Deflected         |       |       |       |       |    10 |       ||    10
Block: Other             |       |       |    17 |    36 |     2 |       ||    55
       Buckler           |       |       |       |       |   398 |   108 ||   506
       Reflection        |       |       |       |       |    49 |    15 ||    64
